3212 views
Uploaded 2020-02-01 18:16:00
Game version 1.32 / 1.32.1
27:34 long 4on4 ladder game on (8)GolemsInTheMist_LV
Saved by BEARAND
3212 views
Uploaded 2020-02-01 18:16:00
Game version 1.32 / 1.32.1
27:34 long 4on4 ladder game on (8)GolemsInTheMist_LV


116 units @ 10.7k
/ 0.8k
256 buildings @ 16.9k
/ 8.9k



| Staff of Teleportation | 3 | 450 |
| Boots of Speed | 3 | 750 |
| Periapt of Vitality | 2 | 650 |
| Circlet of Nobility | 1 | 175 |
| Staff of Sanctuary | 3 | 750 |
| Scroll of Regeneration | 1 | 100 |
| Orb of Lightning | 2 | 750 |
| total: | 15 | 3625g |
| Wisp | 31 | 1860 | / | 0 |
| total: | 31 | 1860g | / | 0w |
| Altar of Elders | 1 | 180 | / | 50 |
| Moon Well | 11 | 1980 | / | 440 |
| Tree of Life | 2 | 680 | / | 370 |
| Hunter's Hall | 1 | 210 | / | 100 |
| Tree of Ages | 1 | 320 | / | 180 |
| Tree of Eternity | 1 | 330 | / | 200 |
| total: | 15 | 3050g | / | 960w |
| 0:01 | Wisp |
| 0:04 | Altar of Elders |
| 0:16 | Moon Well |
| 0:17 | Wisp |
| 0:25 | Wisp |
| 0:39 | Wisp |
| 0:46 | Wisp |
| 1:08 | Wisp |
| 1:13 | Wisp |
| 1:36 | Wisp |
| 1:51 | Moon Well |
| 1:56 | Wisp |
| 2:06 | Entangling Roots |
| 2:11 | Wisp |
| 2:17 | Wisp |
| 2:35 | Wisp |
| 2:40 | Moon Well |
| 3:24 | Moon Well |
| 3:38 | Moon Well |
| 4:05 | Wisp |
| 4:05 | Wisp |
| 5:11 | Moon Well |
| 5:13 | Tree of Ages |
| 5:17 | Tree of Life |
| 7:04 | Moon Well |
| 7:41 | Tree of Eternity |
| 8:07 | Thorns Aura |
| 8:23 | Soul Burn |
| 10:37 | Tree of Life |
| 11:16 | Nature's Blessing |
| 11:17 | Hunter's Hall |
| 11:29 | Moon Well |
| 12:42 | Staff of Sanctuary |
| 13:00 | Wisp |
| 13:00 | Wisp |
| 13:04 | Wisp |
| 13:04 | Wisp |
| 13:04 | Wisp |
| 13:04 | Wisp |
| 13:06 | Staff of Teleportation |
| 13:28 | Boots of Speed |
| 13:35 | Wisp |
| 13:36 | Well Spring |
| 13:37 | Scroll of Regeneration |
| 13:55 | Wisp |
| 13:58 | Moon Well |
| 14:50 | Moon Well |
| 14:50 | Moon Well |
| 15:19 | Searing Arrows |
| 16:13 | Wisp |
| 16:14 | Wisp |
| 16:14 | Wisp |
| 16:24 | Wisp |
| 16:24 | Wisp |
| 16:47 | Orb of Lightning |
| 16:49 | Orb of Lightning |
| 17:58 | Staff of Teleportation |
| 17:58 | Boots of Speed |
| 18:01 | Boots of Speed |
| 19:21 | Staff of Sanctuary |
| 19:28 | Staff of Sanctuary |
| 21:46 | Incinerate |
| 22:15 | Wisp |
| 22:18 | Wisp |
| 22:18 | Wisp |
| 22:19 | Wisp |
| 22:27 | Periapt of Vitality |
| 22:28 | Staff of Teleportation |
| 22:30 | Circlet of Nobility |
| 23:22 | Entangling Roots |
| 24:40 | Periapt of Vitality |
| 25:13 | Trueshot Aura |
| Right click | 1992 |
| Select | 877 |
| Select group | 531 |
| Assign group | 162 |
| Resource trade | 155 |
| Use ability | 93 |
| Build/train/purchase | 66 |
| Chat | 54 |
| Minimap ping | 20 |
| Item give/drop | 5 |



x1)
| Staff of Sanctuary | 3 | 750 |
| Scroll of Regeneration | 2 | 200 |
| Lesser Clarity Potion | 2 | 140 |
| Orb of Fire | 1 | 325 |
| Scroll of Town Portal | 2 | 700 |
| Tome of Retraining | 1 | 300 |
| Potion of Invisibility | 1 | 100 |
| Boots of Speed | 1 | 250 |
| Healing Salve | 2 | 200 |
| total: | 15 | 2965g |
| Peasant | 28 | 2100 | / | 0 |
| Priest | 2 | 270 | / | 20 |
| Forest Troll Shadow Priest | 1 | 195 | / | 10 |
| total: | 31 | 2565g | / | 30w |
| Scout Tower | 95 | 2850 | / | 1900 |
| Arcane Tower | 6 | 420 | / | 300 |
| Guard Tower | 47 | 3290 | / | 2350 |
| Altar of Kings | 1 | 180 | / | 50 |
| Lumber Mill | 1 | 120 | / | 0 |
| Farm | 6 | 480 | / | 120 |
| Town Hall | 1 | 385 | / | 205 |
| Arcane Vault | 2 | 260 | / | 60 |
| Arcane Sanctum | 1 | 150 | / | 140 |
| Keep | 1 | 320 | / | 210 |
| Castle | 1 | 360 | / | 210 |
| total: | 107 | 4425g | / | 2475w |
| 0:02 | Peasant |
| 0:04 | Altar of Kings |
| 0:06 | Peasant |
| 0:19 | Lumber Mill |
| 0:23 | Farm |
| 0:31 | Peasant |
| 0:35 | Peasant |
| 0:43 | Farm |
| 1:01 | Peasant |
| 1:07 | Scout Tower |
| 1:12 | Peasant |
| 1:19 | Peasant |
| 1:25 | Scout Tower |
| 1:38 | Scout Tower |
| 1:41 | Peasant |
| 1:44 | Arcane Tower |
| 1:48 | Peasant |
| 1:57 | Peasant |
| 2:03 | Guard Tower |
| 2:04 | Scout Tower |
| 2:08 | Summon Water Elemental |
| 2:14 | Guard Tower |
| 2:15 | Scout Tower |
| 2:16 | Arcane Tower |
| 2:31 | Guard Tower |
| 2:32 | Scout Tower |
| 2:33 | Scout Tower |
| 2:36 | Peasant |
| 3:06 | Peasant |
| 3:06 | Peasant |
| 3:13 | Guard Tower |
| 3:14 | Scout Tower |
| 3:35 | Peasant |
| 3:38 | Scout Tower |
| 3:40 | Scout Tower |
| 3:46 | Guard Tower |
| 3:48 | Scout Tower |
| 3:52 | Scout Tower |
| 3:52 | Scout Tower |
| 4:18 | Guard Tower |
| 4:27 | Scout Tower |
| 4:40 | Keep |
| 4:48 | Guard Tower |
| 4:58 | Guard Tower |
| 5:06 | Scout Tower |
| 5:07 | Scout Tower |
| 5:13 | Guard Tower |
| 5:14 | Guard Tower |
| 5:18 | Scout Tower |
| 5:20 | Scout Tower |
| 5:45 | Scout Tower |
| 5:52 | Guard Tower |
| 6:14 | Scout Tower |
| 6:18 | Scout Tower |
| 6:20 | Guard Tower |
| 6:26 | Scout Tower |
| 6:27 | Scout Tower |
| 6:34 | Healing Salve |
| 6:43 | Guard Tower |
| 6:45 | Scout Tower |
| 6:58 | Arcane Tower |
| 7:00 | Farm |
| 7:39 | Brilliance Aura |
| 8:09 | Town Hall |
| 8:39 | Peasant |
| 8:39 | Peasant |
| 8:54 | Storm Bolt |
| 9:03 | Peasant |
| 9:12 | Scout Tower |
| 9:13 | Scout Tower |
| 9:28 | Peasant |
| 9:33 | Scout Tower |
| 9:33 | Peasant |
| 9:33 | Peasant |
| 9:38 | Guard Tower |
| 9:39 | Guard Tower |
| 9:40 | Scout Tower |
| 9:43 | Peasant |
| 9:44 | Arcane Tower |
| 9:47 | Guard Tower |
| 9:51 | Scout Tower |
| 10:31 | Guard Tower |
| 10:35 | Scout Tower |
| 11:00 | Peasant |
| 11:02 | Scout Tower |
| 11:05 | Guard Tower |
| 11:06 | Castle |
| 11:07 | Guard Tower |
| 11:08 | Improved Masonry |
| 11:12 | Guard Tower |
| 11:17 | Scout Tower |
| 11:19 | Scout Tower |
| 11:20 | Scout Tower |
| 11:24 | Scout Tower |
| 11:25 | Scout Tower |
| 11:31 | Guard Tower |
| 11:36 | Arcane Vault |
| 11:45 | Peasant |
| 11:45 | Peasant |
| 11:49 | Arcane Tower |
| 12:00 | Arcane Sanctum |
| 12:38 | Bash |
| 12:40 | Summon Water Elemental |
| 12:56 | Tome of Retraining |
| 12:56 | Retrain Hero |
| 12:58 | Potion of Invisibility |
| 13:03 | Scout Tower |
| 13:11 | Blizzard |
| 13:12 | Brilliance Aura |
| 13:15 | Peasant |
| 13:15 | Peasant |
| 13:20 | Scout Tower |
| 13:37 | Peasant |
| 13:37 | Peasant |
| 13:40 | Advanced Masonry |
| 13:41 | Magic Sentry |
| 13:42 | Priest |
| 13:56 | Guard Tower |
| 13:59 | Scout Tower |
| 14:00 | Scout Tower |
| 14:01 | Scout Tower |
| 14:03 | Scout Tower |
| 14:04 | Scout Tower |
| 14:05 | Scout Tower |
| 14:06 | Scout Tower |
| 14:10 | Arcane Vault |
| 14:13 | Improved Lumber Harvesting |
| 14:41 | Guard Tower |
| 14:42 | Arcane Tower |
| 14:43 | Guard Tower |
| 14:52 | Scout Tower |
| 14:52 | Scout Tower |
| 14:55 | Staff of Sanctuary |
| 15:01 | Scout Tower |
| 15:01 | Scout Tower |
| 15:18 | Scout Tower |
| 15:18 | Scout Tower |
| 15:25 | Guard Tower |
| 15:27 | Scout Tower |
| 15:28 | Scout Tower |
| 15:29 | Staff of Sanctuary |
| 15:40 | Guard Tower |
| 15:42 | Scout Tower |
| 15:43 | Scout Tower |
| 15:54 | Guard Tower |
| 16:00 | Farm |
| 16:00 | Farm |
| 16:10 | Guard Tower |
| 16:13 | Guard Tower |
| 16:15 | Farm |
| 16:22 | Scout Tower |
| 16:23 | Scout Tower |
| 16:52 | Guard Tower |
| 16:56 | Scout Tower |
| 16:57 | Scout Tower |
| 16:58 | Scout Tower |
| 16:59 | Scout Tower |
| 16:59 | Scout Tower |
| 17:00 | Scout Tower |
| 17:00 | Scout Tower |
| 17:34 | Holy Light |
| 17:36 | Guard Tower |
| 17:40 | Guard Tower |
| 17:49 | Imbued Masonry |
| 17:50 | Advanced Lumber Harvesting |
| 17:52 | Priest Adept Training |
| 18:01 | Scroll of Town Portal |
| 18:03 | Scroll of Town Portal |
| 18:10 | Priest |
| 18:13 | Guard Tower |
| 18:14 | Scout Tower |
| 18:15 | Scout Tower |
| 18:16 | Scout Tower |
| 18:44 | Guard Tower |
| 18:45 | Scout Tower |
| 18:46 | Scout Tower |
| 18:57 | Guard Tower |
| 19:15 | Scout Tower |
| 19:16 | Scout Tower |
| 19:17 | Scout Tower |
| 19:20 | Guard Tower |
| 19:23 | Scroll of Regeneration |
| 19:26 | Lesser Clarity Potion |
| 19:31 | Guard Tower |
| 19:34 | Priest Master Training |
| 19:41 | Guard Tower |
| 19:43 | Scout Tower |
| 19:46 | Guard Tower |
| 20:51 | Scout Tower |
| 20:51 | Scout Tower |
| 20:52 | Scout Tower |
| 20:53 | Scout Tower |
| 20:53 | Scout Tower |
| 20:54 | Scout Tower |
| 21:05 | Guard Tower |
| 21:12 | Scout Tower |
| 21:12 | Scout Tower |
| 21:15 | Guard Tower |
| 21:18 | Scout Tower |
| 21:19 | Scout Tower |
| 21:19 | Scout Tower |
| 21:49 | Forest Troll Shadow Priest |
| 23:02 | Guard Tower |
| 23:06 | Scout Tower |
| 23:08 | Scout Tower |
| 23:08 | Scout Tower |
| 23:20 | Guard Tower |
| 23:37 | Staff of Sanctuary |
| 23:39 | Orb of Fire |
| 23:49 | Scout Tower |
| 23:50 | Guard Tower |
| 23:57 | Boots of Speed |
| 24:05 | Scout Tower |
| 24:22 | Guard Tower |
| 24:57 | Divine Shield |
| 25:18 | Guard Tower |
| 25:19 | Scout Tower |
| 25:20 | Scout Tower |
| 25:35 | Scout Tower |
| 25:36 | Scout Tower |
| 25:38 | Scroll of Regeneration |
| 25:43 | Lesser Clarity Potion |
| 26:01 | Healing Salve |
| 26:35 | Storm Bolt |
| 26:42 | Guard Tower |
| 26:46 | Scout Tower |
| 26:46 | Scout Tower |
| Right click | 1769 |
| Select group | 903 |
| Select | 523 |
| Assign group | 361 |
| Build/train/purchase | 176 |
| Chat | 166 |
| Use ability | 72 |
| Misc. action | 40 |
| Resource trade | 20 |
| Minimap ping | 5 |



| Staff of Sanctuary | 4 | 1000 |
| Potion of Healing | 1 | 150 |
| Boots of Speed | 3 | 750 |
| Staff of Teleportation | 3 | 450 |
| Periapt of Vitality | 2 | 650 |
| Circlet of Nobility | 2 | 350 |
| Healing Salve | 2 | 200 |
| total: | 17 | 3550g |
| Peasant | 13 | 975 | / | 0 |
| Dragonhawk Rider | 7 | 1400 | / | 210 |
| Priest | 1 | 135 | / | 10 |
| total: | 21 | 2510g | / | 220w |
| Scout Tower | 79 | 2370 | / | 1580 |
| Guard Tower | 59 | 4130 | / | 2950 |
| Arcane Tower | 1 | 70 | / | 50 |
| Altar of Kings | 1 | 180 | / | 50 |
| Farm | 7 | 560 | / | 140 |
| Lumber Mill | 1 | 120 | / | 0 |
| Arcane Vault | 3 | 390 | / | 90 |
| Blacksmith | 1 | 140 | / | 60 |
| Barracks | 1 | 160 | / | 60 |
| Gryphon Aviary | 1 | 140 | / | 150 |
| Arcane Sanctum | 1 | 150 | / | 140 |
| Keep | 1 | 320 | / | 210 |
| Castle | 1 | 360 | / | 210 |
| total: | 95 | 4210g | / | 2270w |
| 0:01 | Peasant |
| 0:01 | Peasant |
| 0:08 | Altar of Kings |
| 0:19 | Farm |
| 0:21 | Peasant |
| 0:38 | Peasant |
| 0:57 | Farm |
| 1:04 | Lumber Mill |
| 1:06 | Peasant |
| 1:08 | Peasant |
| 1:15 | Peasant |
| 1:25 | Peasant |
| 1:34 | Peasant |
| 1:52 | Scout Tower |
| 2:04 | Scout Tower |
| 2:07 | Blizzard |
| 2:16 | Peasant |
| 2:16 | Peasant |
| 2:17 | Scout Tower |
| 2:18 | Guard Tower |
| 2:27 | Peasant |
| 2:29 | Improved Masonry |
| 2:32 | Guard Tower |
| 2:33 | Scout Tower |
| 2:48 | Guard Tower |
| 2:49 | Scout Tower |
| 3:01 | Scout Tower |
| 3:04 | Scout Tower |
| 3:05 | Scout Tower |
| 3:19 | Scout Tower |
| 3:21 | Scout Tower |
| 3:34 | Guard Tower |
| 3:43 | Scout Tower |
| 3:48 | Scout Tower |
| 3:49 | Guard Tower |
| 4:13 | Scout Tower |
| 4:14 | Guard Tower |
| 4:22 | Healing Salve |
| 4:28 | Scout Tower |
| 4:59 | Scout Tower |
| 5:00 | Scout Tower |
| 5:00 | Scout Tower |
| 5:08 | Guard Tower |
| 5:10 | Scout Tower |
| 5:11 | Scout Tower |
| 5:11 | Scout Tower |
| 5:15 | Scout Tower |
| 5:16 | Scout Tower |
| 5:16 | Scout Tower |
| 5:24 | Keep |
| 5:27 | Scout Tower |
| 5:28 | Scout Tower |
| 5:28 | Guard Tower |
| 5:33 | Farm |
| 5:35 | Farm |
| 5:37 | Scout Tower |
| 5:38 | Scout Tower |
| 5:39 | Scout Tower |
| 5:39 | Scout Tower |
| 5:45 | Guard Tower |
| 5:48 | Guard Tower |
| 5:57 | Brilliance Aura |
| 6:03 | Guard Tower |
| 6:05 | Guard Tower |
| 6:09 | Scout Tower |
| 6:10 | Scout Tower |
| 6:11 | Scout Tower |
| 6:11 | Scout Tower |
| 6:12 | Scout Tower |
| 6:20 | Healing Salve |
| 6:25 | Guard Tower |
| 6:54 | Arcane Tower |
| 6:58 | Boots of Speed |
| 7:06 | Guard Tower |
| 7:33 | Guard Tower |
| 7:36 | Guard Tower |
| 8:04 | Guard Tower |
| 8:05 | Guard Tower |
| 8:05 | Guard Tower |
| 8:07 | Scout Tower |
| 8:08 | Scout Tower |
| 8:23 | Improved Lumber Harvesting |
| 8:23 | Advanced Masonry |
| 8:24 | Peasant |
| 8:46 | Storm Bolt |
| 8:56 | Scout Tower |
| 8:57 | Scout Tower |
| 9:24 | Castle |
| 10:07 | Guard Tower |
| 11:08 | Guard Tower |
| 11:27 | Scout Tower |
| 11:28 | Scout Tower |
| 11:29 | Scout Tower |
| 11:29 | Scout Tower |
| 11:35 | Arcane Vault |
| 11:35 | Arcane Vault |
| 11:49 | Scout Tower |
| 11:50 | Scout Tower |
| 11:52 | Scout Tower |
| 11:52 | Scout Tower |
| 11:53 | Scout Tower |
| 11:53 | Scout Tower |
| 11:54 | Scout Tower |
| 11:54 | Scout Tower |
| 12:15 | Guard Tower |
| 12:33 | Bash |
| 12:42 | Gryphon Aviary |
| 13:03 | Holy Light |
| 13:25 | Blizzard |
| 13:38 | Boots of Speed |
| 13:38 | Staff of Teleportation |
| 13:38 | Boots of Speed |
| 13:42 | Periapt of Vitality |
| 13:42 | Circlet of Nobility |
| 14:10 | Arcane Vault |
| 14:12 | Dragonhawk Rider |
| 14:51 | Staff of Sanctuary |
| 14:58 | Staff of Sanctuary |
| 15:24 | Staff of Sanctuary |
| 15:24 | Staff of Sanctuary |
| 15:32 | Guard Tower |
| 15:32 | Guard Tower |
| 15:41 | Guard Tower |
| 15:42 | Guard Tower |
| 15:46 | Cloud |
| 15:48 | Blacksmith |
| 15:48 | Barracks |
| 15:50 | Imbued Masonry |
| 15:50 | Advanced Lumber Harvesting |
| 15:53 | Guard Tower |
| 15:53 | Guard Tower |
| 16:19 | Guard Tower |
| 16:22 | Scout Tower |
| 16:22 | Scout Tower |
| 16:23 | Scout Tower |
| 16:25 | Farm |
| 16:26 | Farm |
| 16:26 | Farm |
| 16:38 | Staff of Teleportation |
| 17:07 | Studded Leather Armor |
| 17:25 | Guard Tower |
| 17:27 | Scout Tower |
| 17:28 | Scout Tower |
| 17:28 | Scout Tower |
| 17:28 | Scout Tower |
| 17:29 | Scout Tower |
| 17:29 | Scout Tower |
| 18:05 | Arcane Sanctum |
| 18:22 | Animal War Training |
| 18:27 | Guard Tower |
| 18:39 | Dragonhawk Rider |
| 18:39 | Dragonhawk Rider |
| 18:40 | Dragonhawk Rider |
| 19:06 | Guard Tower |
| 19:13 | Guard Tower |
| 19:31 | Staff of Teleportation |
| 19:32 | Circlet of Nobility |
| 19:32 | Periapt of Vitality |
| 20:05 | Scout Tower |
| 20:05 | Scout Tower |
| 20:06 | Scout Tower |
| 20:12 | Priest |
| 20:13 | Magic Sentry |
| 20:26 | Scout Tower |
| 20:27 | Scout Tower |
| 20:27 | Scout Tower |
| 20:27 | Scout Tower |
| 20:32 | Scout Tower |
| 20:33 | Scout Tower |
| 20:36 | Guard Tower |
| 21:06 | Guard Tower |
| 21:14 | Reinforced Leather Armor |
| 21:14 | Iron Forged Swords |
| 21:27 | Dragonhawk Rider |
| 22:09 | Divine Shield |
| 22:15 | Guard Tower |
| 22:24 | Storm Bolt |
| 23:33 | Scout Tower |
| 23:34 | Scout Tower |
| 23:34 | Scout Tower |
| 23:34 | Scout Tower |
| 23:35 | Guard Tower |
| 23:35 | Guard Tower |
| 23:37 | Scout Tower |
| 23:38 | Scout Tower |
| 23:38 | Scout Tower |
| 24:22 | Guard Tower |
| 24:23 | Scout Tower |
| 24:23 | Scout Tower |
| 24:23 | Scout Tower |
| 24:24 | Scout Tower |
| 25:44 | Potion of Healing |
| 25:50 | Dragonhawk Rider |
| 25:51 | Dragonhawk Rider |
| 26:00 | Brilliance Aura |
| 26:15 | Bash |
| 26:40 | Holy Light |
| Right click | 3068 |
| Select | 974 |
| Select group | 476 |
| Build/train/purchase | 284 |
| Chat | 201 |
| Use ability | 119 |
| Minimap ping | 30 |
| Assign group | 15 |
| Misc. action | 6 |
| Item give/drop | 6 |


| Healing Salve | 2 | 200 |
| Orb of Lightning | 1 | 375 |
| Boots of Speed | 2 | 500 |
| Staff of Teleportation | 1 | 150 |
| Circlet of Nobility | 1 | 175 |
| Staff of Sanctuary | 2 | 500 |
| Orb of Fire | 1 | 325 |
| total: | 10 | 2225g |
| Peon | 18 | 1350 | / | 0 |
| Troll Batrider | 15 | 2400 | / | 600 |
| total: | 33 | 3750g | / | 600w |
| Watch Tower | 23 | 2530 | / | 1840 |
| Altar of Storms | 1 | 180 | / | 50 |
| Orc Burrow | 4 | 640 | / | 160 |
| War Mill | 1 | 205 | / | 0 |
| Voodoo Lounge | 3 | 390 | / | 90 |
| Great Hall | 1 | 385 | / | 185 |
| Beastiary | 6 | 870 | / | 840 |
| Stronghold | 1 | 315 | / | 190 |
| Fortress | 1 | 325 | / | 190 |
| total: | 39 | 5200g | / | 3165w |
| 0:02 | Peon |
| 0:02 | Peon |
| 0:06 | Altar of Storms |
| 0:18 | Orc Burrow |
| 0:32 | Peon |
| 0:44 | Peon |
| 0:51 | War Mill |
| 0:59 | Peon |
| 1:17 | Peon |
| 1:25 | Peon |
| 1:36 | Peon |
| 1:48 | Peon |
| 1:53 | Voodoo Lounge |
| 2:04 | Watch Tower |
| 2:11 | Wind Walk |
| 2:23 | Orc Burrow |
| 2:58 | Watch Tower |
| 3:16 | Watch Tower |
| 3:25 | Peon |
| 3:25 | Peon |
| 3:26 | Peon |
| 3:28 | Spiked Barricades |
| 3:51 | Healing Salve |
| 4:11 | Watch Tower |
| 4:28 | Voodoo Lounge |
| 5:10 | Stronghold |
| 5:18 | Watch Tower |
| 5:43 | Watch Tower |
| 5:52 | Watch Tower |
| 6:19 | Critical Strike |
| 6:57 | Boots of Speed |
| 6:57 | Staff of Teleportation |
| 7:05 | Watch Tower |
| 7:06 | Watch Tower |
| 7:08 | Watch Tower |
| 7:12 | Orc Burrow |
| 8:06 | Beastiary |
| 8:08 | Beastiary |
| 8:12 | Beastiary |
| 8:19 | Peon |
| 8:19 | Peon |
| 8:24 | Watch Tower |
| 8:25 | Watch Tower |
| 8:39 | Hex |
| 9:14 | Troll Batrider |
| 10:02 | Troll Batrider |
| 10:06 | Orc Burrow |
| 10:23 | Watch Tower |
| 10:24 | Watch Tower |
| 10:26 | Watch Tower |
| 10:55 | Great Hall |
| 11:34 | Watch Tower |
| 11:36 | Watch Tower |
| 11:51 | Watch Tower |
| 12:37 | Healing Wave |
| 12:43 | Voodoo Lounge |
| 12:46 | Watch Tower |
| 12:56 | Watch Tower |
| 13:02 | Fortress |
| 13:04 | Troll Batrider |
| 13:26 | Wind Walk |
| 13:55 | Beastiary |
| 14:00 | Watch Tower |
| 14:07 | Peon |
| 14:07 | Peon |
| 14:07 | Peon |
| 14:07 | Peon |
| 14:12 | Healing Salve |
| 14:27 | Watch Tower |
| 14:30 | Reinforced Defenses |
| 14:32 | Improved Spiked Barricades |
| 15:09 | Watch Tower |
| 15:26 | Liquid Fire |
| 15:29 | Troll Batrider |
| 16:00 | Troll Batrider |
| 16:08 | Beastiary |
| 16:26 | Steel Ranged Weapons |
| 16:27 | Steel Armor |
| 17:08 | Boots of Speed |
| 17:08 | Circlet of Nobility |
| 17:53 | Troll Batrider |
| 17:54 | Troll Batrider |
| 17:57 | Beastiary |
| 18:09 | Staff of Sanctuary |
| 18:14 | Orb of Lightning |
| 20:37 | Troll Batrider |
| 20:37 | Troll Batrider |
| 21:09 | Thorium Ranged Weapons |
| 21:09 | Thorium Armor |
| 22:03 | Troll Batrider |
| 22:25 | Orb of Fire |
| 22:26 | Staff of Sanctuary |
| 23:24 | Troll Batrider |
| 23:24 | Troll Batrider |
| 24:54 | Healing Wave |
| 24:55 | Critical Strike |
| 25:37 | Troll Batrider |
| 25:40 | Troll Batrider |
| 26:29 | Hex |
| 26:51 | Troll Batrider |
| Right click | 1938 |
| Select | 482 |
| Select group | 448 |
| Use ability | 242 |
| Misc. action | 125 |
| Build/train/purchase | 96 |
| Assign group | 15 |
| Chat | 10 |
| Resource trade | 7 |
| Minimap ping | 3 |
| Item give/drop | 2 |
| Esc | 2 |
162 units @ 25.5k
/ 4.4k
76 buildings @ 12.8k
/ 5.5k


| Orb of Venom | 2 | 650 |
| Scroll of Town Portal | 3 | 1050 |
| Scroll of Healing | 2 | 500 |
| Potion of Lesser Invulnerability | 3 | 450 |
| total: | 10 | 2650g |
| Wisp | 31 | 1860 | / | 0 |
| Archer | 8 | 1040 | / | 80 |
| Chimaera | 11 | 3630 | / | 770 |
| Goblin Shredder | 1 | 375 | / | 100 |
| Goblin Zeppelin | 2 | 480 | / | 120 |
| total: | 53 | 7385g | / | 1070w |
| Altar of Elders | 1 | 180 | / | 50 |
| Moon Well | 9 | 1620 | / | 360 |
| Ancient of War | 5 | 750 | / | 300 |
| Tree of Life | 2 | 680 | / | 370 |
| Ancient of Wonders | 2 | 180 | / | 60 |
| Hunter's Hall | 1 | 210 | / | 100 |
| Ancient of Wind | 1 | 150 | / | 140 |
| Ancient of Lore | 3 | 465 | / | 435 |
| Chimaera Roost | 2 | 280 | / | 380 |
| Tree of Ages | 1 | 320 | / | 180 |
| Tree of Eternity | 1 | 330 | / | 200 |
| total: | 26 | 4515g | / | 2195w |
| 0:02 | Wisp |
| 0:06 | Altar of Elders |
| 0:12 | Wisp |
| 0:18 | Moon Well |
| 0:26 | Wisp |
| 0:32 | Ancient of War |
| 0:39 | Wisp |
| 0:42 | Ancient of War |
| 0:47 | Wisp |
| 0:54 | Wisp |
| 0:59 | Wisp |
| 1:25 | Moon Well |
| 1:28 | Wisp |
| 1:40 | Wisp |
| 1:44 | Archer |
| 2:07 | Force of Nature |
| 2:47 | Wisp |
| 2:47 | Wisp |
| 2:48 | Wisp |
| 2:57 | Ancient of War |
| 2:59 | Moon Well |
| 3:00 | Wisp |
| 3:01 | Wisp |
| 3:10 | Wisp |
| 3:10 | Wisp |
| 3:18 | Entangling Roots |
| 3:23 | Ancient of War |
| 3:24 | Wisp |
| 3:24 | Wisp |
| 3:48 | Wisp |
| 3:48 | Wisp |
| 4:16 | Wisp |
| 4:16 | Wisp |
| 4:30 | Archer |
| 4:30 | Archer |
| 4:34 | Tree of Life |
| 4:58 | Tree of Life |
| 5:01 | Archer |
| 5:03 | Tree of Ages |
| 5:05 | Moon Well |
| 5:19 | Archer |
| 5:34 | Archer |
| 5:58 | Force of Nature |
| 6:26 | Archer |
| 6:29 | Goblin Shredder |
| 6:52 | Archer |
| 7:16 | Ancient of Wonders |
| 7:23 | Goblin Zeppelin |
| 7:58 | Tree of Eternity |
| 8:04 | Wisp |
| 9:24 | Ancient of Wind |
| 9:38 | Entangling Roots |
| 10:36 | Chimaera Roost |
| 10:36 | Chimaera Roost |
| 10:37 | Wisp |
| 10:37 | Wisp |
| 11:00 | Ancient of Wonders |
| 11:19 | Moon Well |
| 11:20 | Moon Well |
| 11:21 | Moon Well |
| 11:22 | Moon Well |
| 11:22 | Moon Well |
| 11:43 | Trueshot Aura |
| 11:44 | Scroll of Town Portal |
| 11:47 | Scroll of Town Portal |
| 11:48 | Orb of Venom |
| 11:52 | Goblin Zeppelin |
| 12:02 | Hunter's Hall |
| 12:05 | Corrosive Breath |
| 12:07 | Chimaera |
| 13:09 | Chimaera |
| 13:09 | Chimaera |
| 13:36 | Potion of Lesser Invulnerability |
| 14:02 | Chimaera |
| 14:04 | Strength of the Wild |
| 14:05 | Reinforced Hides |
| 14:08 | Ultravision |
| 14:21 | Sentinel |
| 14:21 | Improved Bows |
| 14:22 | Marksmanship |
| 14:22 | Moon Glaive |
| 15:22 | Improved Strength of the Wild |
| 15:50 | Scout |
| 16:01 | Scroll of Healing |
| 16:02 | Potion of Lesser Invulnerability |
| 16:15 | Scroll of Healing |
| 16:17 | Improved Reinforced Hides |
| 17:48 | Druid of the Talon Adept Training |
| 17:50 | Strength of the Moon |
| 17:50 | Moon Armor |
| 17:50 | Well Spring |
| 18:02 | Chimaera |
| 18:06 | Ancient of Lore |
| 18:08 | Ancient of Lore |
| 18:10 | Ancient of Lore |
| 18:11 | Ancient of War |
| 18:22 | Potion of Lesser Invulnerability |
| 18:48 | Advanced Strength of the Wild |
| 19:15 | Chimaera |
| 20:48 | Chimaera |
| 20:49 | Chimaera |
| 20:52 | Advanced Reinforced Hides |
| 21:13 | Orb of Venom |
| 21:14 | Scroll of Town Portal |
| 21:33 | Nature's Blessing |
| 22:36 | Entangling Roots |
| 23:29 | Chimaera |
| 23:31 | Chimaera |
| 24:18 | Chimaera |
| 25:38 | Trueshot Aura |
| 25:57 | Wisp |
| 25:57 | Wisp |
| 25:57 | Wisp |
| 25:57 | Wisp |
| 25:58 | Wisp |
| 25:58 | Wisp |
| Right click | 1208 |
| Select group | 597 |
| Select | 432 |
| Misc. action | 148 |
| Build/train/purchase | 121 |
| Use ability | 67 |
| Assign group | 64 |
| Esc | 10 |
| Minimap ping | 9 |
| Chat | 5 |
| Item give/drop | 4 |


| Healing Salve | 1 | 100 |
| Scroll of Town Portal | 1 | 350 |
| total: | 2 | 450g |
| Peon | 8 | 600 | / | 0 |
| Troll Headhunter | 13 | 1820 | / | 260 |
| Demolisher | 6 | 1320 | / | 300 |
| Wind Rider | 4 | 1060 | / | 160 |
| Shaman | 1 | 130 | / | 20 |
| Troll Berserker | 3 | 420 | / | 60 |
| Troll Witch Doctor | 2 | 290 | / | 50 |
| Goblin Zeppelin | 1 | 240 | / | 60 |
| Frost Wyrm | 2 | 770 | / | 240 |
| total: | 40 | 6650g | / | 1150w |
| Altar of Storms | 1 | 180 | / | 50 |
| Orc Burrow | 7 | 1120 | / | 280 |
| War Mill | 1 | 205 | / | 0 |
| Barracks | 1 | 180 | / | 50 |
| Voodoo Lounge | 1 | 130 | / | 30 |
| Beastiary | 1 | 145 | / | 140 |
| Spirit Lodge | 1 | 150 | / | 150 |
| Stronghold | 1 | 315 | / | 190 |
| Fortress | 1 | 325 | / | 190 |
| total: | 13 | 2110g | / | 700w |
| 0:02 | Peon |
| 0:02 | Peon |
| 0:03 | Peon |
| 0:07 | Altar of Storms |
| 0:26 | Orc Burrow |
| 0:32 | Peon |
| 0:44 | War Mill |
| 0:47 | Peon |
| 0:59 | Peon |
| 1:12 | Barracks |
| 1:29 | Peon |
| 1:45 | Orc Burrow |
| 1:49 | Peon |
| 2:16 | Troll Headhunter |
| 2:21 | Feral Spirit |
| 2:50 | Troll Headhunter |
| 3:12 | Troll Headhunter |
| 3:24 | Stronghold |
| 3:27 | Orc Burrow |
| 3:43 | Troll Headhunter |
| 4:06 | Troll Headhunter |
| 4:14 | Voodoo Lounge |
| 4:23 | Troll Headhunter |
| 4:43 | Troll Headhunter |
| 4:54 | Troll Headhunter |
| 5:09 | Troll Headhunter |
| 5:16 | Steel Armor |
| 5:24 | Orc Burrow |
| 5:49 | Troll Regeneration |
| 5:54 | Far Sight |
| 6:11 | Beastiary |
| 6:26 | Troll Headhunter |
| 7:04 | Demolisher |
| 7:38 | Goblin Zeppelin |
| 7:49 | Healing Wave |
| 7:53 | Troll Headhunter |
| 8:09 | Wind Rider |
| 8:39 | Troll Headhunter |
| 10:07 | Feral Spirit |
| 10:23 | Wind Rider |
| 10:26 | Fortress |
| 10:28 | Healing Salve |
| 10:30 | Scroll of Town Portal |
| 10:40 | Demolisher |
| 11:10 | Demolisher |
| 11:34 | Demolisher |
| 12:01 | Demolisher |
| 13:06 | Envenomed Spears |
| 13:16 | Spirit Lodge |
| 13:26 | Orc Burrow |
| 14:04 | Troll Headhunter |
| 14:32 | Shaman Adept Training |
| 14:55 | Berserker Upgrade |
| 14:56 | Burning Oil |
| 15:19 | Orc Burrow |
| 15:24 | Wind Rider |
| 16:25 | Demolisher |
| 16:26 | Wind Rider |
| 16:27 | Shaman Master Training |
| 16:28 | Shaman |
| 17:27 | Troll Berserker |
| 17:58 | Troll Berserker |
| 19:17 | Troll Berserker |
| 20:15 | Troll Witch Doctor |
| 20:15 | Witch Doctor Adept Training |
| 20:37 | Orc Burrow |
| 23:03 | Hex |
| 23:43 | Troll Witch Doctor |
| 23:44 | Witch Doctor Master Training |
| 25:51 | Frost Wyrm |
| 25:51 | Frost Wyrm |
| Right click | 651 |
| Select group | 291 |
| Select | 251 |
| Misc. action | 168 |
| Build/train/purchase | 106 |
| Assign group | 59 |
| Use ability | 25 |
| Chat | 22 |
| Minimap ping | 13 |
| Remove unit | 1 |
| Esc | 1 |


| Rod of Necromancy | 1 | 150 |
| Potion of Healing | 2 | 300 |
| Scroll of Town Portal | 1 | 350 |
| total: | 4 | 800g |
| Acolyte | 2 | 150 | / | 0 |
| Ghoul | 4 | 480 | / | 0 |
| Crypt Fiend | 10 | 2150 | / | 400 |
| Frost Wyrm | 7 | 2695 | / | 840 |
| Goblin Zeppelin | 1 | 240 | / | 60 |
| total: | 24 | 5715g | / | 1300w |
| Spirit Tower | 2 | 290 | / | 80 |
| Crypt | 1 | 200 | / | 50 |
| Graveyard | 1 | 215 | / | 0 |
| Altar of Darkness | 1 | 180 | / | 50 |
| Ziggurat | 7 | 1050 | / | 350 |
| Tomb of Relics | 1 | 130 | / | 30 |
| Sacrificial Pit | 1 | 75 | / | 150 |
| Boneyard | 2 | 350 | / | 400 |
| Halls of the Dead | 1 | 320 | / | 210 |
| Black Citadel | 2 | 650 | / | 460 |
| total: | 14 | 2200g | / | 1030w |
| 0:02 | Acolyte |
| 0:03 | Acolyte |
| 0:15 | Crypt |
| 0:20 | Graveyard |
| 0:41 | Altar of Darkness |
| 0:58 | Ziggurat |
| 1:16 | Ghoul |
| 1:23 | Tomb of Relics |
| 1:52 | Crypt Fiend |
| 2:01 | Ziggurat |
| 2:19 | Crypt Fiend |
| 2:53 | Rod of Necromancy |
| 3:00 | Crypt Fiend |
| 3:03 | Death Coil |
| 3:24 | Crypt Fiend |
| 3:39 | Ziggurat |
| 4:06 | Crypt Fiend |
| 4:52 | Crypt Fiend |
| 4:53 | Halls of the Dead |
| 5:37 | Crypt Fiend |
| 5:46 | Spirit Tower |
| 6:06 | Unholy Aura |
| 6:31 | Creature Attack |
| 6:32 | Crypt Fiend |
| 6:42 | Ziggurat |
| 6:46 | Ghoul |
| 6:47 | Ghoul |
| 8:10 | Goblin Zeppelin |
| 8:17 | Sacrificial Pit |
| 8:41 | Black Citadel |
| 9:05 | Ghoul |
| 9:45 | Ziggurat |
| 10:47 | Death Coil |
| 11:07 | Boneyard |
| 11:16 | Boneyard |
| 11:20 | Creature Carapace |
| 11:29 | Spirit Tower |
| 11:34 | Ghoul Frenzy |
| 11:38 | Frost Nova |
| 11:48 | Potion of Healing |
| 11:51 | Scroll of Town Portal |
| 12:26 | Frost Wyrm |
| 12:27 | Frost Wyrm |
| 13:28 | Potion of Healing |
| 13:38 | Frost Wyrm |
| 14:14 | Ziggurat |
| 14:37 | Freezing Breath |
| 15:17 | Frost Wyrm |
| 15:25 | Improved Creature Attack |
| 16:28 | Ziggurat |
| 17:32 | Frost Wyrm |
| 18:00 | Web |
| 18:01 | Crypt Fiend |
| 18:42 | Frost Wyrm |
| 19:18 | Crypt Fiend |
| 22:40 | Frost Wyrm |
| Right click | 1237 |
| Select group | 595 |
| Select | 297 |
| Build/train/purchase | 50 |
| Use ability | 30 |
| Assign group | 27 |
| Chat | 26 |
| Minimap ping | 21 |
| Misc. action | 5 |
| Esc | 1 |


| Wisp | 26 | 1560 | / | 0 |
| Archer | 7 | 910 | / | 70 |
| Glaive Thrower | 6 | 1260 | / | 390 |
| Chimaera | 6 | 1980 | / | 420 |
| total: | 45 | 5710g | / | 880w |
| Ancient Protector | 2 | 270 | / | 160 |
| Altar of Elders | 1 | 180 | / | 50 |
| Moon Well | 13 | 2340 | / | 520 |
| Ancient of War | 2 | 300 | / | 120 |
| Hunter's Hall | 1 | 210 | / | 100 |
| Tree of Life | 1 | 340 | / | 185 |
| Ancient of Wonders | 1 | 90 | / | 30 |
| Chimaera Roost | 2 | 280 | / | 380 |
| Tree of Ages | 1 | 320 | / | 180 |
| Tree of Eternity | 1 | 330 | / | 200 |
| total: | 23 | 4010g | / | 1545w |
| 0:04 | Wisp |
| 0:04 | Wisp |
| 0:06 | Altar of Elders |
| 0:08 | Moon Well |
| 0:26 | Ancient of War |
| 0:38 | Wisp |
| 0:58 | Wisp |
| 1:26 | Archer |
| 1:35 | Wisp |
| 1:39 | Moon Well |
| 1:54 | Wisp |
| 1:54 | Wisp |
| 2:11 | Archer |
| 2:14 | Force of Nature |
| 3:05 | Hunter's Hall |
| 3:07 | Wisp |
| 3:07 | Wisp |
| 3:09 | Archer |
| 3:09 | Archer |
| 3:09 | Archer |
| 3:14 | Moon Well |
| 3:50 | Entangling Roots |
| 4:00 | Archer |
| 4:00 | Archer |
| 4:14 | Ancient of War |
| 4:16 | Wisp |
| 4:16 | Wisp |
| 4:16 | Wisp |
| 4:30 | Moon Well |
| 5:12 | Tree of Ages |
| 5:17 | Strength of the Moon |
| 6:18 | Tree of Life |
| 6:53 | Force of Nature |
| 7:01 | Glaive Thrower |
| 7:09 | Glaive Thrower |
| 8:22 | Glaive Thrower |
| 8:24 | Vorpal Blades |
| 8:28 | Tree of Eternity |
| 9:05 | Wisp |
| 9:05 | Wisp |
| 9:05 | Wisp |
| 9:05 | Wisp |
| 9:06 | Wisp |
| 9:06 | Wisp |
| 9:09 | Wisp |
| 9:38 | Moon Well |
| 9:40 | Moon Armor |
| 10:18 | Glaive Thrower |
| 10:32 | Ancient of Wonders |
| 10:50 | Ancient Protector |
| 10:54 | Ancient Protector |
| 11:03 | Glaive Thrower |
| 11:17 | Trueshot Aura |
| 11:44 | Glaive Thrower |
| 11:51 | Chimaera Roost |
| 11:58 | Chimaera Roost |
| 13:10 | Thorns Aura |
| 13:59 | Chimaera |
| 14:01 | Strength of the Wild |
| 14:02 | Reinforced Hides |
| 14:32 | Moon Well |
| 14:48 | Wisp |
| 14:48 | Wisp |
| 14:49 | Wisp |
| 15:08 | Chimaera |
| 15:13 | Corrosive Breath |
| 15:19 | Wisp |
| 15:19 | Wisp |
| 15:19 | Wisp |
| 15:19 | Wisp |
| 15:29 | Moon Well |
| 16:02 | Chimaera |
| 17:44 | Moon Well |
| 17:46 | Chimaera |
| 17:52 | Improved Strength of the Wild |
| 17:53 | Improved Strength of the Moon |
| 17:54 | Improved Reinforced Hides |
| 17:54 | Improved Moon Armor |
| 19:10 | Searing Arrows |
| 19:16 | Moon Well |
| 19:18 | Moon Well |
| 19:24 | Moon Well |
| 19:26 | Advanced Strength of the Wild |
| 19:41 | Chimaera |
| 20:53 | Moon Well |
| 20:55 | Moon Well |
| 21:06 | Chimaera |
| Right click | 803 |
| Select | 318 |
| Chat | 110 |
| Build/train/purchase | 69 |
| Use ability | 17 |
| Resource trade | 4 |
| Remove unit | 1 |
| Minimap ping | 1 |
⇛